General information
			
			
        
        - name: BNet
 
        - type: Ladder team game (AT/RT)
 
        - host: Battle.net
 
        - saver: iggy_the_fisk
 
        
map: Goldshire 
        - players: 4
 
        - length: 33:26
 
        - speed: Fast
 - version: 1.21 W3XP
 - replay type:  

 
» download(204 KB)
Players
        team 1 (winner) 
              
              
» 
iggy_the_fisk (
green | 102 APM | 3408 actions | 33:26)
              
 5 Archmage 
 3 Summon Water Elemental
 2 Brilliance Aura
 5 Mountain King 
 3 Storm Bolt
 2 Thunder Clap
 
                » actions 
                
                | Assign group hotkey | 165 |  | 
| Basic commands | 93 |  | 
| Build / train | 153 |  | 
| Enter build submenu | 47 |  | 
| Enter hero's abilities submenu | 10 |  | 
| Give item / drop item | 7 |  | 
| Right click | 1524 |  | 
| Select / deselect | 644 |  | 
| Select group hotkey | 564 |  | 
| Use ability | 201 |  | 
                3408 total
 » units 
                
                | Peasant | 15 |  | 
| Footman | 14 |  | 
| Sorceress | 6 |  | 
| Priest | 10 |  | 
| Spell Breaker | 14 |  | 
| Knight | 4 |  | 
| Flying Machine | 4 |  | 
                67 total
 » upgrades
                
                | Defend | 1 |  | 
| Sorceress Training | 2 |  | 
| Priest Training | 2 |  | 
| Magic Sentry | 1 |  | 
| Masonry | 3 |  | 
| Control Magic | 1 |  | 
| Swords | 3 |  | 
| Plating | 3 |  | 
| Flak Cannons | 1 |  | 
| Lumber Harvesting | 1 |  | 
| Animal War Training | 1 |  | 
                19 total
 » buildings
                
                | Altar of Kings | 2 |  | 
| Barracks | 1 |  | 
| Farm | 11 |  | 
| Keep | 4 |  | 
| Scout Tower | 25 |  | 
| Arcane Vault | 1 |  | 
| Arcane Tower | 3 |  | 
| Arcane Sanctum | 2 |  | 
| Lumber Mill | 1 |  | 
| Guard Tower | 20 |  | 
| Castle | 1 |  | 
| Blacksmith | 1 |  | 
| Town Hall | 2 |  | 
| Workshop | 1 |  | 
                75 total
 » build order
                00:05 Altar of Kings
00:20 Barracks
00:33 Farm
01:05 Farm
01:38 Farm
02:39 Keep
02:39 Keep
02:39 Keep
02:40 Keep
03:05 Scout Tower
03:39 Arcane Vault
03:41 Arcane Tower
03:42 Arcane Tower
03:42 Arcane Tower
04:30 Farm
04:56 Farm
05:03 Arcane Sanctum
05:08 Arcane Sanctum
05:51 Farm
06:46 Farm
07:32 Lumber Mill
11:24 Guard Tower
12:17 Castle
14:30 Blacksmith
14:36 Town Hall
14:37 Scout Tower
14:38 Scout Tower
14:40 Scout Tower
14:41 Scout Tower
15:07 Guard Tower
15:08 Guard Tower
15:50 Scout Tower
16:02 Guard Tower
17:55 Guard Tower
17:57 Scout Tower
18:06 Workshop
19:22 Altar of Kings
21:08 Guard Tower
21:39 Scout Tower
21:47 Scout Tower
21:48 Scout Tower
23:20 Guard Tower
23:30 Guard Tower
23:31 Scout Tower
23:33 Scout Tower
24:19 Scout Tower
24:20 Scout Tower
24:33 Farm
24:34 Farm
24:35 Farm
24:36 Farm
24:41 Guard Tower
24:50 Guard Tower
24:50 Guard Tower
25:54 Scout Tower
25:56 Guard Tower
25:58 Scout Tower
25:59 Scout Tower
26:01 Scout Tower
26:28 Guard Tower
26:43 Guard Tower
26:45 Guard Tower
29:02 Scout Tower
29:04 Scout Tower
29:07 Scout Tower
29:35 Guard Tower
29:38 Scout Tower
29:38 Guard Tower
29:40 Scout Tower
30:06 Guard Tower
30:07 Guard Tower
31:04 Town Hall
31:10 Scout Tower
32:04 Guard Tower
32:06 Scout Tower
» items
                
                | Scroll of Regeneration | 6 |  | 
| Potion of Healing | 4 |  | 
| Scroll of Town Portal | 8 |  | 
| Ivory Tower | 1 |  | 
| Potion of Lesser Invulnerability | 2 |  | 
| Boots of Speed | 1 |  | 
| Staff of Sanctuary | 1 |  | 
                23 total
  
               
              
              
» 
TIMG4STRok (
orange | 114 APM | 3811 actions | 33:25)
              
 5 Archmage 
 3 Summon Water Elemental
 2 Brilliance Aura
 3 Mountain King 
 2 Storm Bolt
 1 Bash
 
                » actions 
                
                | Assign group hotkey | 59 |  | 
| Basic commands | 221 |  | 
| Build / train | 116 |  | 
| ESC pressed | 3 |  | 
| Enter build submenu | 37 |  | 
| Enter hero's abilities submenu | 9 |  | 
| Give item / drop item | 1 |  | 
| Right click | 1462 |  | 
| Select / deselect | 504 |  | 
| Select group hotkey | 1272 |  | 
| Use ability | 127 |  | 
                3811 total
 » units 
                
                | Peasant | 16 |  | 
| Footman | 7 |  | 
| Rifleman | 20 |  | 
| Mortar Team | 3 |  | 
| Flying Machine | 27 |  | 
                73 total
 » upgrades
                
                | Defend | 1 |  | 
| Masonry | 2 |  | 
| Lumber Harvesting | 2 |  | 
| Long Rifles | 1 |  | 
| Fragmentation Shards | 1 |  | 
| Flare | 1 |  | 
| Gunpowder | 3 |  | 
| Armor | 1 |  | 
| Flak Cannons | 1 |  | 
| Flying Machine Bombs | 1 |  | 
| Barrage | 1 |  | 
| Plating | 1 |  | 
                16 total
 » buildings
                
                | Altar of Kings | 1 |  | 
| Barracks | 2 |  | 
| Farm | 10 |  | 
| Lumber Mill | 1 |  | 
| Town Hall | 2 |  | 
| Scout Tower | 18 |  | 
| Arcane Vault | 1 |  | 
| Keep | 1 |  | 
| Arcane Tower | 3 |  | 
| Guard Tower | 5 |  | 
| Blacksmith | 1 |  | 
| Workshop | 2 |  | 
| Castle | 1 |  | 
                48 total
 » build order
                00:07 Altar of Kings
00:10 Barracks
00:14 Farm
00:51 Farm
01:30 Farm
02:44 Lumber Mill
03:51 Town Hall
03:58 Scout Tower
03:58 Scout Tower
04:01 Scout Tower
04:04 Arcane Vault
04:27 Keep
04:40 Arcane Tower
04:53 Guard Tower
05:02 Guard Tower
06:46 Blacksmith
07:46 Farm
07:47 Farm
07:49 Farm
09:33 Workshop
09:36 Barracks
09:43 Farm
09:45 Scout Tower
09:45 Scout Tower
09:48 Scout Tower
09:50 Scout Tower
09:52 Scout Tower
10:03 Castle
10:56 Guard Tower
12:19 Scout Tower
12:19 Scout Tower
12:20 Scout Tower
12:38 Farm
12:40 Farm
13:33 Guard Tower
13:41 Arcane Tower
14:30 Arcane Tower
17:51 Town Hall
18:20 Farm
24:16 Workshop
29:11 Scout Tower
29:12 Scout Tower
29:13 Scout Tower
29:25 Scout Tower
29:26 Scout Tower
29:26 Scout Tower
29:27 Scout Tower
30:18 Guard Tower
» items
                
                | Potion of Healing | 1 |  | 
| Potion of Mana | 1 |  | 
| Scroll of Healing | 1 |  | 
| Scroll of Town Portal | 1 |  | 
| Scroll of Regeneration | 1 |  | 
| Orb of Fire | 1 |  | 
                6 total
  
               team 2 (loser) 
              
              
» 
AtlantaSucks (
yellow | 59 APM | 1969 actions | 33:25)
              
 6 Death Knight 
 3 Death Coil
 2 Unholy Aura
 1 Animate Dead
 5 Lich 
 3 Frost Nova
 2 Frost Armor
 
                » actions 
                
                | Assign group hotkey | 34 |  | 
| Basic commands | 2 |  | 
| Build / train | 58 |  | 
| Enter build submenu | 19 |  | 
| Enter hero's abilities submenu | 11 |  | 
| Give item / drop item | 2 |  | 
| Remove unit from queue | 1 |  | 
| Right click | 1068 |  | 
| Select / deselect | 364 |  | 
| Select group hotkey | 286 |  | 
| Use ability | 124 |  | 
                1969 total
 » units 
                
                | Acolyte | 2 |  | 
| Ghoul | 2 |  | 
| Crypt Fiend | 5 |  | 
| Obsidian Statue | 9 |  | 
| Frost Wyrm | 2 |  | 
                20 total
 » upgrades
                
                | Web | 1 |  | 
| Burrow | 1 |  | 
| Destroyer Form | 1 |  | 
| Creature Attack | 1 |  | 
| Creature Carapace | 1 |  | 
                5 total
 » buildings
                
                | Crypt | 1 |  | 
| Graveyard | 1 |  | 
| Altar of Darkness | 1 |  | 
| Ziggurat | 7 |  | 
| Tomb of Relics | 1 |  | 
| Nerubian Tower | 2 |  | 
| Halls of the Dead | 1 |  | 
| Slaughterhouse | 2 |  | 
| Black Citadel | 1 |  | 
| Spirit Tower | 3 |  | 
| Sacrificial Pit | 1 |  | 
| Boneyard | 1 |  | 
                22 total
 » build order
                00:18 Crypt
00:24 Graveyard
00:51 Altar of Darkness
01:04 Ziggurat
01:24 Tomb of Relics
02:13 Nerubian Tower
02:22 Ziggurat
03:52 Halls of the Dead
04:21 Ziggurat
04:59 Nerubian Tower
07:10 Slaughterhouse
07:37 Ziggurat
07:48 Slaughterhouse
09:43 Black Citadel
10:05 Ziggurat
12:53 Ziggurat
15:06 Ziggurat
15:51 Spirit Tower
15:53 Spirit Tower
15:56 Spirit Tower
21:37 Sacrificial Pit
23:24 Boneyard
» items
                
                | Rod of Necromancy | 2 |  | 
| Potion of Healing | 3 |  | 
| Orb of Corruption | 1 |  | 
| Scroll of Healing | 2 |  | 
| Potion of Mana | 1 |  | 
| Potion of Lesser Invulnerability | 1 |  | 
| Scroll of Town Portal | 2 |  | 
                12 total
  
               
              
              
» 
MikeLovesDlCK (
blue | 115 APM | 3820 actions | 33:19)
              
 7 Far Seer 
 3 Feral Spirit
 3 Chain Lighting
 1 Earth Quake
 5 Shadow Hunter 
 2 Hex
 3 Healing Wave
 
                » actions 
                
                | Assign group hotkey | 117 |  | 
| Basic commands | 346 |  | 
| Build / train | 111 |  | 
| ESC pressed | 1 |  | 
| Enter build submenu | 12 |  | 
| Enter hero's abilities submenu | 12 |  | 
| Give item / drop item | 10 |  | 
| Right click | 1603 |  | 
| Select / deselect | 548 |  | 
| Select group hotkey | 821 |  | 
| Use ability | 238 |  | 
                3820 total
 » units 
                
                | Peon | 24 |  | 
| Grunt | 7 |  | 
| Wind Rider | 1 |  | 
| Raider | 21 |  | 
                53 total
 » upgrades
                
                | Berserker Strength | 1 |  | 
| Ensnare | 1 |  | 
| Pillage | 1 |  | 
                3 total
 » buildings
                
                | Altar of Storms | 1 |  | 
| Orc Burrow | 5 |  | 
| Barracks | 1 |  | 
| Voodoo Lounge | 1 |  | 
| Stronghold | 5 |  | 
| Beastiary | 2 |  | 
| Great Hall | 2 |  | 
                17 total
 » build order
                00:10 Altar of Storms
00:18 Orc Burrow
00:34 Barracks
01:29 Orc Burrow
01:50 Voodoo Lounge
03:27 Stronghold
03:28 Stronghold
03:28 Stronghold
03:47 Orc Burrow
06:22 Beastiary
06:37 Beastiary
07:08 Orc Burrow
14:31 Orc Burrow
21:58 Great Hall
22:42 Great Hall
» items
                
                | Healing Salve | 6 |  | 
| Lesser Clarity Potion | 5 |  | 
| Scroll of Speed | 2 |  | 
| Boots of Speed | 1 |  | 
| Dust of Appearance | 1 |  | 
| Scroll of Town Portal | 4 |  | 
| Potion of Healing | 4 |  | 
| Potion of Mana | 4 |  | 
| Scroll of Healing | 3 |  | 
| Orb of Corruption | 1 |  | 
| Potion of Lesser Invulnerability | 1 |  | 
                32 total
  
                Chat log
          
(14:47 / All) TIMG4STRok: bye
(32:42 / All) MikeLovesDlCK: i guess towers are fair